 Dungeon Crawl Stone Soup version 0.32-a0-350-g4f4d228785 (webtiles) character file.

Game seed: 1281890780500953628

11027 Asceticacid the Martial Artist (level 11, -2/81 HPs)
             Began as a Vine Stalker Berserker on Feb 17, 2024.
             Was a Priest of Trog.
             Slain by an anaconda simulacrum (25 damage)
             ... in an ice cave.
             The game lasted 00:14:34 (9512 turns).

Asceticacid the Martial Artist (VSBe)               Turns: 9512, Time: 00:14:34

Health: -2/81      AC: 10    Str: 19    XL:     11   Next: 71%
Magic:  0/12       EV: 11    Int:  7    God:    Trog [***...]
Gold:   540        SH:  0    Dex: 19    Spells: 10/10 levels left

rFire   . .          .
                       - Unarmed
rCold   . . .        (no shield)
rNeg    . . .        D - +0 acid dragon scales
rPois   .            y - +1 helmet
rElec   .            (no cloak)
rCorr   +            (no gloves)
SInv    .            (no boots)
Will    ++...        (no amulet) Stlth
                     l - ring of willpower
HPRegen 1.13/turn    g - ring of resist corrosion
MPRegen 0.13/turn

%: guardian spirit
@: berserking, constricted, very quick
A: fangs 3, regeneration 1, magic shield, antimagic bite, no potion heal 2
a: Renounce Religion, Berserk, Trog's Hand


You were in an ice cave.
You worshipped Trog.
Trog was most pleased with you.
You visited 1 branch of the dungeon, and saw 11 of its levels.
You also visited: Ice Cave.

You collected 540 gold pieces.

Inventory:

Missiles
 e - 3 throwing nets
 t - 16 poisoned darts (quivered)
Armour
 y - a +1 helmet (worn)
 D - +0 acid dragon scales (worn)
Jewellery
 g - a ring of resist corrosion (right hand)
 l - a ring of willpower (left hand)
 q - a +5 ring of evasion
 A - a +4 ring of protection
Wands
 c - a wand of mindburst (11)
 p - a wand of quicksilver (10)
 u - a wand of iceblast (9)
Scrolls
 f - a scroll of fog
 h - a scroll of torment
 k - 4 scrolls of vulnerability
 o - 4 scrolls of enchant armour
 w - a scroll of immolation
 B - a scroll of fear
 C - 2 scrolls of teleportation
Potions
 a - 2 potions of brilliance
 b - a potion of resistance
 d - a potion of lignification
 i - a potion of magic
 j - 2 potions of cancellation {unknown}
 m - 5 potions of haste
 n - 2 potions of mutation
 r - 4 potions of curing
 s - a potion of ambrosia {unknown}
 v - 2 potions of degeneration
 x - 4 potions of attraction
 z - a potion of enlightenment {unknown}


   Skills:
 + Level 4.5 Fighting
 + Level 7.2 Armour
 + Level 4.3 Dodging
 + Level 4.9 Stealth
 + Level 14.5 Unarmed Combat


You had 10 spell levels left.
You didn't know any spells.
Your spell library contained the following spells:

 Spells                   Type           Power      Damage    Failure   Level
 Ensorcelled Hibernation  Hex/Ice        0%         N/A       65%         2
 Fugue of the Fallen      Necr           0%         N/A       87%         3
 Anguish                  Hex/Necr       0%         N/A       99%         4
 Cause Fear               Hex            0%         N/A       99%         4
 Enfeeble                 Hex            0%         N/A       100%        7


Dungeon Overview and Level Annotations

Branches:
Dungeon (11/15)            Temple (0/1) D:5            Lair (0/5) D:10
    Orc (0/2) D:10          IceCv (1/1)

Altars:
Fedhas
Kikubaaqudgha
Makhleb
Xom


Innate Abilities, Weirdness & Mutations

You have razor-sharp teeth.
Your natural rate of healing is unusually fast.
When hurt, damage is shared between your health and your magic reserves.
Your bite disrupts and absorbs the magic of your enemies.
Potions cannot restore your health.


Message History

A death yak simulacrum is nearby!
Okay, then.
Okay, then.
Okay, then.
Aiming: Quicksilver Bolt
Press: ? - help, Shift-Dir - straight line The bolt of dispelling energy hits the death yak simulacrum!
The death yak simulacrum is heavily damaged.
The bolt of dispelling energy hits the death yak simulacrum!
The death yak simulacrum is moderately damaged.
Aiming: Quicksilver Bolt
Press: ? - help, Shift-Dir - straight line The bolt of dispelling energy hits the death yak simulacrum!
The death yak simulacrum is severely damaged.
The bolt of dispelling energy hits the death yak simulacrum!
The death yak simulacrum is heavily damaged.
You recover from your berserk rage.
You hit the death yak simulacrum.
The death yak simulacrum is severely damaged.
The death yak simulacrum gores you. The death yak simulacrum freezes you!!
A red film seems to cover your vision as you go berserk!
You feel yourself moving faster!
You feel mighty!
You hit the death yak simulacrum. You punch the death yak simulacrum!
The death yak simulacrum vaporises!
Trog accepts your kill.
You punch the death yak simulacrum! You bite the death yak simulacrum.
You drain its power.
You feel invigorated.
The death yak simulacrum is almost destroyed.
The anaconda simulacrum grabs you. The anaconda simulacrum bites you.
The anaconda simulacrum freezes you!! The anaconda simulacrum constricts you.
You punch the death yak simulacrum!
The death yak simulacrum vaporises!
Trog accepts your kill.
You punch the anaconda simulacrum! x2
Your bite misses the anaconda simulacrum.
The anaconda simulacrum is severely damaged.
The anaconda simulacrum bites you.
* * * LOW HITPOINT WARNING * * *
The anaconda simulacrum freezes you!!
You die...

## #######
..# ##.....#
...###......#
ZZ..#....Z○.#
.......∩.ZZ@#
ZZ..#.......#
. ##......#
##.....#
#######


You could see 2 anaconda simulacra and a wolf simulacrum.

Vanquished Creatures
  Harold (D:10)
  2 boulder beetles
  A gargoyle (D:10)
  A kobold demonologist (D:9)
  2 trolls (D:10)
  17 yaks
  A shadow (D:10)
  A wyvern (D:8)
  2 wargs (D:10)
  2 death yak simulacra (IceCv)
  4 vampire mosquitoes
  An acid dragon (D:10)
  A water moccasin (D:6)
  9 orc warriors
  An ice beast (D:7)
  3 black bears
  4 centaurs
  2 ogres
  2 phantoms (D:4)
  2 kobold brigands
  5 scorpions
  9 wights (D:8)
  3 killer bees (D:9)
  4 howler monkeys
  2 bombardier beetles
  A crimson imp (D:4)
  4 hounds
  2 gnoll boudas (D:8)
  10 orc priests
  A jelly (D:6)
  An iguana (D:6)
  8 orc wizards
  A sleepcap (D:5)
  9 gnolls
  7 adders
  A white imp (D:8)
  2 ufetubi (D:6)
  3 dart slugs
  A ribbon worm (D:3)
  40 orcs
  8 bats
  12 endoplasms
  2 giant cockroaches
  3 goblins
  4 hobgoblins
  4 jackals (D:1)
  3 quokkas
  5 ball pythons
  2 frilled lizards
  13 kobolds
  11 rats
240 creatures vanquished.

Notes
Turn   | Place    | Note
-------+----------+-------------------------------------------
     0 | D:1      | Asceticacid the Vine Stalker Berserker began the quest for
                  | the Orb.
     0 | D:1      | Reached XP level 1. HP: 11/11 MP: 2/2
   134 | D:1      | Reached XP level 2. HP: 16/16 MP: 0/3
   230 | D:1      | Found a faded altar of an unknown god.
   440 | D:1      | Reached skill level 4 in Unarmed Combat
   522 | D:1      | Reached XP level 3. HP: 18/19 MP: 4/4
   816 | D:2      | Reached ** piety under Trog
   822 | D:2      | Reached XP level 4. HP: 23/23 MP: 5/5
   899 | D:2      | Reached skill level 5 in Unarmed Combat
  1567 | D:3      | Reached XP level 5. HP: 24/27 MP: 6/6
  2172 | D:3      | Reached skill level 6 in Unarmed Combat
  2427 | D:4      | Noticed an ogre
  2441 | D:4      | Killed an ogre
  2442 | D:4      | Reached XP level 6. HP: 32/32 MP: 7/7
  2883 | D:4      | Found a burning altar of Makhleb.
  2883 | D:4      | Found a shimmering altar of Xom.
  2888 | D:4      | Reached skill level 7 in Unarmed Combat
  2976 | D:4      | Noticed a black bear
  2984 | D:4      | Killed a black bear
  2985 | D:4      | Reached skill level 8 in Unarmed Combat
  2985 | D:4      | Reached XP level 7. HP: 35/35 MP: 6/8
  3527 | D:5      | Entered Level 5 of the Dungeon
  3781 | D:5      | Gained mutation: You have razor-sharp teeth. [Vine Stalker
                  | growth]
  3781 | D:5      | Reached XP level 8. HP: 27/39 MP: 6/9
  3856 | D:5      | Reached skill level 1 in Stealth
  3912 | D:5      | Reached skill level 9 in Unarmed Combat
  3980 | D:5      | Found a staircase to the Ecumenical Temple.
  4149 | D:5      | Found an ancient bone altar of Kikubaaqudgha.
  4308 | D:5      | Reached *** piety under Trog
  4646 | D:6      | Reached XP level 9. HP: 38/44 MP: 8/10
  4724 | D:6      | Reached skill level 10 in Unarmed Combat
  5596 | D:8      | Reached skill level 11 in Unarmed Combat
  5652 | D:8      | Reached skill level 5 in Armour
  5799 | D:8      | Reached **** piety under Trog
  5937 | D:8      | Reached XP level 10. HP: 45/49 MP: 11/11
  5971 | D:8      | Reached skill level 12 in Unarmed Combat
  6860 | D:9      | Identified the +5 rapier of Uskayaw's Approval {drain,
                  | *Rage rCorr Dex+4 SInv}
  7221 | D:9      | Noticed a kobold demonologist
  7346 | D:9      | Killed a kobold demonologist
  7749 | D:10     | Entered Level 10 of the Dungeon
  7802 | D:10     | Found a blossoming altar of Fedhas.
  7802 | D:10     | Noticed a gargoyle
  7821 | D:10     | Reached skill level 13 in Unarmed Combat
  8077 | D:10     | Found a staircase to the Orcish Mines.
  8160 | D:10     | Reached XP level 11. HP: 46/53 MP: 10/12
  8430 | D:10     | Noticed a boulder beetle
  8476 | D:10     | Killed a boulder beetle
  8544 | D:10     | Reached skill level 14 in Unarmed Combat
  8705 | D:10     | Found a staircase to the Lair.
  9195 | D:10     | Noticed Harold
  9211 | D:10     | Killed Harold
  9442 | D:11     | Found a frozen archway.
  9447 | D:11     | Noticed a boulder beetle
  9462 | D:11     | Killed a boulder beetle
  9494 | IceCv    | Entered an ice cave
  9512 | IceCv    | Slain by an anaconda simulacrum

Illustrated notes

Levels and vault maps discovered:
D:1:      roderic_crossed_star, layout_loops_ring,
          ebering_ecumenical_altar_petrified
D:2:      layout_basic
D:3:      minmay_inner_zag, layout_basic
D:4:      layout_basic, grunt_temple_overflow_champion_of_chaos,
          chequers_serial_rivers_micro_e, serial_bayou_pond_a,
          nicolae_houndstooth_variations
D:5:      layout_gridville, nicolae_kikubaaqudgha_miasma_corner,
          minmay_temple_entry_waves, dreamdust_princess_corridor,
          chequers_serial_rivers_small_a
D:6:      layout_cave_pools
D:7:      layout_rooms
D:8:      layout_basic, roderic_lattice_a, chequers_serial_rivers_small_b,
          mumra_transporter_accident
D:9:      layout_gridville
D:10:     layout_basic, fedhas_altar_1, dpeg_oklobed_lair, david_orc_1_choice,
          nzn_sisyphean_effort, uniq_harold
D:11:     layout_irregular_city, portal_ice_cave_entry_pillars_2, serial_shops,
          shop, nicolae_uskayaw_dance_hall
IceCv:    ice_cave_statue_garden_chambered

Skill      XL: |  1  2  3  4  5  6  7  8  9 10 11 |
---------------+----------------------------------+-----
Unarmed Combat | 4 5 6 8 9 11 13 14 | 14.5
Armour         | 2 4 5 6 7 |  7.2
Dodging        | 2 3 4 |  4.3
Stealth        | 1 2 4 |  4.9
Fighting       | 3 4 |  4.5

Action                     |  1- 3 |  4- 6 |  7- 9 | 10-12 || total
---------------------------+-------+-------+-------+-------++-------
  Melee: Unarmed           |    59 |   134 |   258 |   245 ||   696
         Bite              |    13 |    33 |    78 |    99 ||   223
         Punch             |     2 |     3 |    14 |    30 ||    49
  Throw: Dart              |       |       |       |     6 ||     6
 Invoke: Berserk           |       |     3 |     5 |    14 ||    22
         Trog's Hand       |       |       |     2 |     7 ||     9
  Evoke: Wand              |       |       |       |     6 ||     6
    Use: Scroll            |       |     7 |       |    15 ||    22
   Stab: Sleeping          |     1 |       |       |     3 ||     4
 Armour: Animal skin       |    19 |       |       |       ||    19
         Ring mail         |     5 |    59 |   132 |   133 ||   329
         Acid dragon scale |       |       |       |    14 ||    14
  Dodge: Dodged            |    33 |    57 |   137 |   119 ||   346

Table legend: (Time is in decaauts)
 A = Elapsed time spent in this place.
 B = Non-inter-level travel time spent in this place.
 C = Inter-level travel time spent in this place.
 D = Time resting spent in this place.
 E = Time spent auto-exploring this place.
 F = Levels seen in this place.
 G = Mean time per level.
                   A        B        C        D        E       F      G
               +--------+--------+--------+--------+--------+-----+--------+
         Total |   9594 |   9305 |    289 |    723 |   6611 |  12 |  799.5 |
       Dungeon |   9578 |   9289 |    289 |    723 |   6611 |  11 |  870.7 |
      Ice Cave |     15 |     15 |      0 |      0 |      0 |   1 |   15.0 |
               +--------+--------+--------+--------+--------+-----+--------+

Top non-repeatable levels by time:
    D:10: 1607 daAuts
     D:9: 1167 daAuts
     D:4: 1151 daAuts
     D:8: 1013 daAuts
     D:5: 992 daAuts
     D:3: 972 daAuts
     D:1: 763 daAuts
     D:2: 646 daAuts
     D:7: 563 daAuts
     D:6: 514 daAuts
    D:11: 185 daAuts
   IceCv: 15 daAuts
